 Dungeon Sprint DCSS version 0.24-a0-582-g4d4af81 (webtiles) character file.

Game seed: 3175583152257745603

106 silentkaos13 the Skirmisher (level 4, -6/40 HPs)
             Began as a Demonspawn Fighter on Aug 26, 2019.
             Mangled by Sigmund
             ... wielding a +0 scythe
              (8 damage)
             ... in the Dungeon (Sprint I: "Red Sonja").
             The game lasted 00:00:23 (229 turns).

silentkaos13 the Skirmisher (Demonspawn Fighter)     Turns: 229, Time: 00:00:23

Health: -6/40      AC:  9    Str: 17    XL:     4   Next: 55%
Magic:  4/4        EV:  7    Int:  9    God:
Gold:   54         SH: 10    Dex: 13    Spells: 3/3 levels left

rFire    . . .     SeeInvis .   a - +0 long sword
rCold    . . .     Gourm    .   c - +0 shield
rNeg     . . .     Faith    .   b - +0 scale mail
rPois    .         Spirit   .   (no helmet)
rElec    .         Reflect  .   (no cloak)
rCorr    .         Harm     .   (no gloves)
MR       .....     NoTele   +   (no boots)
Stlth    ..........             (no amulet)
HPRegen  0.13/turn              (no ring)
MPRegen  0.09/turn              (no ring)

@: no status effects
A: slimy green scales 1, powered by death 1
a: no special abilities


You were in the Dungeon.
You were not hungry.

You visited 1 branch You collected 54 gold pieces.

Inventory:

Hand Weapons
 a - a +0 long sword (weapon)
Armour
 b - a +0 scale mail (worn)
 c - a +0 shield (worn)
Wands
 l - a wand of random effects (14)
Scrolls
 k - a scroll of blinking
Potions
 d - a potion of might
 e - a potion of curing
 g - a potion of heal wounds
 h - a potion of haste
 i - 2 potions of magic
 j - a potion of berserk rage
Comestibles
 f - a ration


   Skills:
 + Level 5.7 Fighting
 + Level 3.4 Long Blades
 + Level 4.8 Armour
 + Level 0.7 Dodging
 + Level 5.4 Shields


You had 3 spell levels left.
You didn't know any spells.
Your spell library was empty.

Dungeon Overview and Level Annotations

Branches:
Dungeon (1/1)

Altars:

Annotations:
D Sigmund


Innate Abilities, Weirdness & Mutations

You are partially covered in slimy green scales. (AC +2)
You regenerate a little health from kills.


Message History

The magic dart hits you but does no damage.
You hit Sigmund but do no damage.
Sigmund is almost dead.
You block Sigmund's attack.
You closely miss Sigmund.
Sigmund is almost dead.
Sigmund hits you with a +0 scythe!
* * * LOW HITPOINT WARNING * * *
You hit Sigmund but do no damage.
Sigmund is almost dead.
Sigmund barely misses you.
You barely miss Sigmund.
Sigmund is almost dead.
Sigmund points at you and mumbles some strange words.
The puff of flame hits you!
* * * LOW HITPOINT WARNING * * *
Your scale mail prevents you from hitting Sigmund.
Sigmund is almost dead.
Sigmund hits you with a +0 scythe!
You die...

#############
#<.#..)..#..+
#..').#..@@.#
#..#####'####
#..# #..#
#..# ####
#..# #⌠⌠#
####


You could see Sigmund.

Vanquished Creatures
  An ogre (D)
  Ijyb (D)
2 creatures vanquished.

Notes
Turn   | Place    | Note
-------+----------+-------------------------------------------
     0 | D        | silentkaos13 the Demonspawn Fighter began the quest for the
                  | Orb.
     0 | D        | Reached XP level 1. HP: 18/18 MP: 1/1
     1 | D        | Noticed Ijyb
    22 | D        | Killed Ijyb
    22 | D        | Gained mutation: You regenerate a little health from kills.
                  | [demonic ancestry]
    22 | D        | Reached XP level 2. HP: 13/25 MP: 2/2
   166 | D        | Noticed an ogre
   171 | D        | Killed an ogre
   171 | D        | Reached skill level 5 in Fighting
   171 | D        | Reached skill level 5 in Shields
   171 | D        | Reached XP level 3. HP: 30/34 MP: 3/3
   171 | D        | Gained mutation: You are partially covered in slimy green
                  | scales. (AC +2) [demonic ancestry]
   171 | D        | Reached XP level 4. HP: 36/40 MP: 4/4
   202 | D        | Noticed Sigmund
   228 | D        | HP: 2/40 [Sigmund/puff of flame (8)]
   229 | D        | Mangled by Sigmund

Levels and vault maps discovered:
D:        dungeon_sprint_1 [red_sonja_temple_1, red_sonja_temple_small_1]

Skill      XL: |  1  2 |
---------------+-------+-----
Fighting       | 4 5 |  5.7
Long Blades    | 2 3 |  3.4
Armour         | 3 4 |  4.8
Shields        | 4 5 |  5.4
Dodging        | |  0.7

Action                   |  1- 3 |  4- 6 || total
-------------------------+-------+-------++-------
Melee: Long sword        |    24 |    26 ||    50
Armor: Scale mail        |     6 |     3 ||     9
Dodge: Dodged            |     5 |     7 ||    12
Block: Shield            |    11 |     5 ||    16
       Rpst.: Long sword |     1 |     1 ||     2

Table legend:
 A = Non-vault XP
 B = Vault XP
 C = Vault XP percentage of total XP
 D = Non-vault monster count
 E = Vault monster count
 F = Vault count percentage of total count
                 A         B        C        D         E       F
            +---------+---------+-------+---------+---------+-------
      Total |       0 |     152 | 100.0 |       0 |       2 | 100.0
            +---------+---------+-------+---------+---------+-------
          D |       0 |     152 | 100.0 |       0 |       2 | 100.0
            +---------+---------+-------+---------+---------+-------
